 Dungeon Crawl Stone Soup version 0.29.1-1-gd02db6906a (webtiles) character file.

Game seed: 12546428011289497643

34 xian the Shooter (level 3, 0/21 HPs)
             Began as a Deep Elf Hunter on Oct 7, 2022.
             Slain by a gnoll
             ... wielding a +0 flail
              (5 damage)
             ... on level 2 of the Dungeon.
             The game lasted 00:01:48 (1016 turns).

xian the Shooter (Deep Elf Hunter)                  Turns: 1016, Time: 00:01:51

Health: 0/21       AC:  3    Str: 10    XL:     3   Next: 14%
Magic:  5/5        EV: 12    Int: 13    God:
Gold:   38         SH:  0    Dex: 18    Spells: 2/2 levels left

rFire   . . .      SeeInvis .   g - +0 arbalest
rCold   . . .      Faith    .   (shield currently unavailable)
rNeg    . . .      Spirit   .   c - +0 leather armour
rPois   .          Reflect  .   (no helmet)
rElec   .          Harm     .   (no cloak)
rCorr   .          Rampage  .   (no gloves)
Will    .....                   (no boots)
Stlth   ++........              (no amulet)
HPRegen 0.07/turn               (no ring)
MPRegen 0.09/turn               (no ring)

@: no status effects
A: no striking features
a: no special abilities


You were on level 2 of the Dungeon.
You visited 1 branch of the dungeon, and saw 2 of its levels.

You collected 38 gold pieces.

Inventory:

Hand Weapons
 g - a +0 arbalest (weapon)
 h - a +2 whip of draining
Armour
 c - a +0 leather armour (worn)
Magical Staves
 d - a staff of poison
Scrolls
 b - a scroll of immolation
 e - 3 scrolls of identify {unknown}
Potions
 a - 2 potions of flight {unknown}
 f - a potion of curing
 i - 2 potions of haste {unknown}


   Skills:
 + Level 1.7 Fighting
 + Level 6.4 Ranged Weapons
 + Level 0.2 Armour
 + Level 2.6 Dodging
 + Level 1.2 Stealth


You had 2 spell levels left.
You didn't know any spells.
Your spell library contained the following spells:

 Spells                   Type           Power      Damage    Failure   Level
 Olgreb's Toxic Radiance  Pois           0%         N/A       99%         4
 Ozocubu's Refrigeration  Ice            0%         4d7       100%        7
 Ignition                 Fire           0%         3d3       100%        8


Dungeon Overview and Level Annotations

Branches:
Dungeon (2/15)

Altars:

Shops:
D:1 !


Message History

You shoot a bolt. The bolt hits the hobgoblin.
The hobgoblin is heavily wounded.
The hobgoblin closely misses you.
The hobgoblin hits you but does no damage.
You shoot a bolt. The bolt hits the hobgoblin!
You kill the hobgoblin!
No target in view!
No target in view!
No target in view!
There is an open door, spattered with blood here.
You see here a hobgoblin corpse.
Things that are here:
a +0 whip; 4 stones
i - 2 fizzy yellow potions
Things that are here:
a +0 whip; 4 stones You now have 24 gold pieces (gained 13).
Things that are here:
a +0 whip; 4 stones
There is an open door, spattered with blood here.
You see here a hobgoblin corpse.
There is an open door here.
Found a stone staircase leading down.
There is a stone staircase leading down here.
You now have 38 gold pieces (gained 14).
Done exploring.
Done exploring.
There is a stone staircase leading down here.
You climb downwards.
Found a fizzy black potion.
Found a stone staircase leading up and a stone staircase leading down.
There is a stone staircase leading up here.
You shoot a bolt. The bolt hits the gnoll!!
You kill the gnoll!
The gnoll shouts! x2
The gnoll hits you from afar with a +0 halberd!
Ouch! That really hurt!
* * * LOW HITPOINT WARNING * * *
The gnoll hits you with a +0 flail.
You die...

.# .
#######.#####
..#...........#
.............#
#......!....#
#...gg....>..
#...).g......
#....@......#
#......<....#
###.#........
#.#.......# #
........#
....##..# ###.#
#.. .# ##


You could see 3 gnolls.

Vanquished Creatures
  A gnoll (D:2)
  3 bats (D:1)
  5 endoplasms (D:1)
  A giant cockroach (D:1)
  4 goblins (D:1)
  4 hobgoblins (D:1)
  2 kobolds (D:1)
  4 ball pythons (D:1)
  4 frilled lizards (D:1)
  2 rats (D:1)
30 creatures vanquished.

Notes
Turn   | Place    | Note
-------+----------+-------------------------------------------
     0 | D:1      | xian the Deep Elf Hunter began the quest for the Orb.
     0 | D:1      | Reached XP level 1. HP: 12/12 MP: 3/3
   290 | D:1      | Reached XP level 2. HP: 16/16 MP: 4/4
   555 | D:1      | Reached skill level 6 in Ranged Weapons
   761 | D:1      | Reached XP level 3. HP: 21/21 MP: 5/5
   764 | D:1      | Found Voetseq's Distillery.
  1016 | D:2      | Slain by a gnoll

Illustrated notes

Levels and vault maps discovered:
D:1:      sevenhm_arrival_forest_fort_large_3, layout_basic, serial_shops,
          nicolae_shop_hallway_plus, minmay_misc_feat_doors,
          kennysheep_small_spiral, minmay_lizard_pond
D:2:      kennysheep_six_static_rooms, layout_rooms,
          chequers_ecumenical_altar_lobes, basic_altar,
          kennysheep_generic_room_15

Skill      XL: |  1  2 |
---------------+-------+-----
Ranged Weapons | 6 |  6.4
Fighting       | |  1.7
Armour         | |  0.2
Dodging        | |  2.6
Stealth        | |  1.2

Action                   || total
-------------------------++-------
Melee: Dagger            ||     3
 Fire: Shortbow          ||     9
       Arbalest          ||    41
  Use: Potion            ||     1
Armor: Leather armour    ||    10
Dodge: Dodged            ||    20
